General information
- name: BNet
- type: Ladder team game (AT/RT)
- host: Battle.net
- saver: kunt.roII
map: RiverOfSouls
- players: 6
- length: 58:38
- speed: Fast
- version: 1.23 W3XP
- replay type: Public
» download(584 KB)
Players
team 1 (winner)
Gobiner (
green | 51 APM | 2971 actions | 58:36)
6 Blademaster
3 Wind Walk
2 Critical Strike
1 Bladestorm
» actions
| Assign group hotkey | 7 | |
| Basic commands | 55 | |
| Build / train | 66 | |
| Enter build submenu | 71 | |
| Enter hero's abilities submenu | 6 | |
| Give item / drop item | 9 | |
| Right click | 1723 | |
| Select / deselect | 271 | |
| Select group hotkey | 513 | |
| Use ability | 249 | |
2971 total
» units
| Peon | 18 | |
| Troll Batrider | 4 | |
| Demolisher | 2 | |
24 total
» upgrades
| Spiked Barricades | 1 | |
| Reinforced Defenses | 1 | |
| Liquid Fire | 1 | |
| Armor | 3 | |
| Troll Regeneration | 1 | |
| Burning Oil | 1 | |
| Ranged Weapons | 2 | |
10 total
» buildings
| Altar of Storms | 1 | |
| Orc Burrow | 8 | |
| War Mill | 1 | |
| Watch Tower | 52 | |
| Voodoo Lounge | 4 | |
| Stronghold | 4 | |
| Fortress | 4 | |
| Beastiary | 2 | |
| Barracks | 1 | |
77 total
» build order
00:08 Altar of Storms
00:19 Orc Burrow
00:31 War Mill
01:43 Watch Tower
01:56 Orc Burrow
02:31 Watch Tower
02:52 Watch Tower
03:07 Voodoo Lounge
03:34 Watch Tower
03:44 Watch Tower
04:16 Stronghold
04:16 Stronghold
04:16 Stronghold
04:28 Watch Tower
04:41 Watch Tower
05:06 Watch Tower
05:11 Watch Tower
05:12 Watch Tower
05:13 Watch Tower
05:14 Watch Tower
05:26 Voodoo Lounge
05:52 Watch Tower
06:02 Watch Tower
06:27 Watch Tower
06:55 Voodoo Lounge
07:13 Fortress
07:13 Fortress
07:13 Fortress
07:26 Watch Tower
07:32 Voodoo Lounge
07:38 Watch Tower
07:58 Watch Tower
08:00 Watch Tower
08:23 Watch Tower
08:31 Watch Tower
08:48 Watch Tower
09:28 Watch Tower
09:54 Watch Tower
10:37 Watch Tower
10:42 Watch Tower
10:51 Watch Tower
11:08 Beastiary
11:19 Beastiary
12:10 Watch Tower
12:11 Watch Tower
12:12 Watch Tower
12:17 Watch Tower
13:33 Orc Burrow
13:35 Orc Burrow
14:00 Watch Tower
15:14 Watch Tower
16:25 Watch Tower
16:28 Watch Tower
18:41 Watch Tower
19:29 Barracks
20:34 Watch Tower
21:53 Watch Tower
21:57 Watch Tower
22:39 Watch Tower
22:41 Watch Tower
22:44 Watch Tower
22:45 Watch Tower
24:32 Watch Tower
24:34 Watch Tower
25:26 Watch Tower
26:52 Watch Tower
26:58 Watch Tower
27:44 Watch Tower
27:51 Watch Tower
29:12 Watch Tower
29:19 Watch Tower
38:21 Orc Burrow
38:28 Orc Burrow
38:30 Orc Burrow
50:00 Orc Burrow
» items
| Dust of Appearance | 2 | |
| Boots of Speed | 1 | |
| Staff of Teleportation | 1 | |
| Lesser Clarity Potion | 5 | |
| Healing Salve | 1 | |
| Orb of Lightning | 1 | |
| Potion of Lesser Invulnerability | 6 | |
17 total
kunt.roII (
blue | 152 APM | 8928 actions | 58:38)
5 Blood Mage
3 Flame Strike
2 Siphon Mana
4 Mountain King
2 Storm Bolt
2 Bash
5 Paladin
3 Holy Light
2 Divine Shield
» actions
| Assign group hotkey | 30 | |
| Basic commands | 139 | |
| Build / train | 140 | |
| ESC pressed | 4 | |
| Enter build submenu | 70 | |
| Enter hero's abilities submenu | 15 | |
| Give item / drop item | 7 | |
| Right click | 4238 | |
| Select / deselect | 426 | |
| Select group hotkey | 3417 | |
| Use ability | 442 | |
8928 total
» units
| Peasant | 17 | |
| Priest | 3 | |
| Sorceress | 3 | |
23 total
» upgrades
| Magic Sentry | 1 | |
| Masonry | 3 | |
| Sorceress Training | 2 | |
| Lumber Harvesting | 2 | |
| Priest Training | 2 | |
10 total
» buildings
| Altar of Kings | 1 | |
| Farm | 5 | |
| Lumber Mill | 1 | |
| Scout Tower | 93 | |
| Arcane Tower | 4 | |
| Guard Tower | 44 | |
| Keep | 3 | |
| Castle | 1 | |
| Arcane Sanctum | 2 | |
| Arcane Vault | 2 | |
| Town Hall | 2 | |
158 total
» build order
00:10 Altar of Kings
00:28 Farm
00:48 Lumber Mill
00:54 Farm
01:29 Scout Tower
01:42 Scout Tower
01:58 Arcane Tower
01:59 Scout Tower
02:17 Arcane Tower
02:21 Scout Tower
02:32 Guard Tower
02:55 Guard Tower
02:57 Scout Tower
02:57 Scout Tower
03:25 Guard Tower
03:27 Scout Tower
03:28 Scout Tower
03:35 Scout Tower
04:35 Keep
04:35 Keep
04:40 Guard Tower
04:43 Guard Tower
04:44 Guard Tower
04:49 Guard Tower
05:09 Scout Tower
05:10 Scout Tower
05:14 Scout Tower
05:30 Scout Tower
06:12 Guard Tower
06:12 Guard Tower
06:59 Castle
07:03 Farm
07:51 Arcane Sanctum
07:57 Arcane Sanctum
09:15 Farm
09:21 Farm
09:47 Arcane Vault
09:54 Arcane Vault
12:02 Guard Tower
12:02 Guard Tower
12:08 Guard Tower
12:08 Guard Tower
12:36 Scout Tower
12:44 Guard Tower
12:44 Guard Tower
12:56 Scout Tower
14:07 Scout Tower
14:09 Scout Tower
14:10 Guard Tower
14:10 Guard Tower
14:14 Town Hall
15:05 Guard Tower
15:27 Scout Tower
15:29 Scout Tower
15:31 Scout Tower
15:34 Scout Tower
15:48 Guard Tower
15:51 Arcane Tower
16:05 Guard Tower
16:08 Scout Tower
16:09 Scout Tower
16:10 Scout Tower
16:11 Scout Tower
16:44 Guard Tower
16:47 Scout Tower
16:48 Scout Tower
16:51 Guard Tower
17:41 Scout Tower
17:42 Scout Tower
17:43 Scout Tower
17:44 Scout Tower
17:45 Guard Tower
18:20 Scout Tower
18:20 Scout Tower
18:22 Scout Tower
18:23 Scout Tower
18:25 Guard Tower
18:58 Guard Tower
19:08 Scout Tower
19:09 Scout Tower
19:09 Scout Tower
19:10 Scout Tower
19:13 Scout Tower
19:14 Scout Tower
19:19 Scout Tower
19:48 Guard Tower
20:49 Guard Tower
21:34 Scout Tower
21:35 Scout Tower
21:36 Scout Tower
21:37 Scout Tower
21:58 Scout Tower
21:58 Scout Tower
22:58 Guard Tower
22:58 Guard Tower
26:41 Scout Tower
26:41 Scout Tower
26:42 Scout Tower
26:43 Scout Tower
26:44 Scout Tower
26:44 Scout Tower
26:45 Scout Tower
26:45 Scout Tower
26:45 Scout Tower
26:46 Scout Tower
26:46 Scout Tower
26:46 Scout Tower
26:47 Scout Tower
27:18 Guard Tower
27:25 Scout Tower
27:25 Scout Tower
27:26 Scout Tower
27:26 Scout Tower
27:26 Scout Tower
27:27 Scout Tower
27:27 Scout Tower
27:56 Scout Tower
27:57 Scout Tower
27:58 Scout Tower
28:08 Guard Tower
28:08 Guard Tower
28:10 Scout Tower
28:10 Scout Tower
28:11 Scout Tower
28:11 Scout Tower
28:12 Scout Tower
28:13 Scout Tower
28:14 Scout Tower
28:15 Scout Tower
28:16 Scout Tower
28:17 Scout Tower
28:17 Scout Tower
28:18 Scout Tower
28:18 Scout Tower
28:18 Scout Tower
28:19 Scout Tower
28:21 Scout Tower
28:21 Scout Tower
28:22 Scout Tower
28:22 Scout Tower
28:23 Scout Tower
28:23 Scout Tower
30:05 Guard Tower
30:13 Guard Tower
33:21 Guard Tower
33:22 Guard Tower
41:44 Town Hall
» items
| Dust of Appearance | 3 | |
| Staff of Teleportation | 3 | |
| Circlet of Nobility | 5 | |
| Lesser Clarity Potion | 2 | |
| Boots of Speed | 2 | |
| Ivory Tower | 10 | |
| Staff of Sanctuary | 3 | |
| Orb of Lightning | 3 | |
31 total
MrFrosty (
yellow | 107 APM | 6299 actions | 58:36)
5 Archmage
3 Blizzard
2 Brilliance Aura
4 Blood Mage
2 Flame Strike
1 Banish
1 Siphon Mana
» actions
| Assign group hotkey | 40 | |
| Basic commands | 105 | |
| Build / train | 113 | |
| Enter build submenu | 57 | |
| Enter hero's abilities submenu | 9 | |
| Give item / drop item | 3 | |
| Right click | 3388 | |
| Select / deselect | 786 | |
| Select group hotkey | 1481 | |
| Use ability | 317 | |
6299 total
» units
| Peasant | 12 | |
| Priest | 7 | |
| Sorceress | 8 | |
| Dragonhawk Rider | 8 | |
| Gryphon Rider | 4 | |
39 total
» upgrades
| Masonry | 3 | |
| Lumber Harvesting | 2 | |
| Magic Sentry | 1 | |
| Sorceress Training | 2 | |
| Priest Training | 2 | |
| Animal War Training | 1 | |
| Armor | 3 | |
| Cloud | 1 | |
| Swords | 3 | |
| Storm Hammers | 1 | |
19 total
» buildings
| Altar of Kings | 1 | |
| Farm | 17 | |
| Scout Tower | 43 | |
| Lumber Mill | 1 | |
| Arcane Tower | 9 | |
| Guard Tower | 17 | |
| Keep | 1 | |
| Arcane Sanctum | 1 | |
| Arcane Vault | 1 | |
| Castle | 1 | |
| Gryphon Aviary | 4 | |
| Blacksmith | 1 | |
| Barracks | 1 | |
98 total
» build order
00:04 Altar of Kings
00:18 Farm
00:39 Scout Tower
00:50 Lumber Mill
01:10 Arcane Tower
01:26 Farm
01:35 Scout Tower
01:50 Scout Tower
02:05 Guard Tower
02:18 Scout Tower
02:30 Arcane Tower
02:49 Guard Tower
02:50 Scout Tower
03:15 Scout Tower
03:18 Guard Tower
03:35 Keep
03:49 Guard Tower
03:51 Scout Tower
05:10 Arcane Tower
05:14 Scout Tower
05:22 Farm
05:24 Farm
06:11 Arcane Tower
06:42 Arcane Sanctum
06:47 Scout Tower
06:48 Scout Tower
07:00 Scout Tower
07:03 Scout Tower
07:36 Guard Tower
08:01 Arcane Vault
08:07 Guard Tower
08:48 Guard Tower
09:37 Scout Tower
10:07 Guard Tower
11:30 Farm
11:31 Farm
11:49 Guard Tower
12:12 Arcane Tower
13:06 Scout Tower
13:07 Scout Tower
13:07 Scout Tower
13:11 Scout Tower
13:15 Castle
13:34 Guard Tower
14:28 Scout Tower
14:29 Scout Tower
14:41 Guard Tower
14:43 Scout Tower
14:45 Arcane Tower
14:48 Scout Tower
14:48 Scout Tower
15:42 Guard Tower
15:51 Guard Tower
15:56 Gryphon Aviary
15:58 Gryphon Aviary
16:00 Blacksmith
16:04 Barracks
16:06 Farm
16:07 Farm
17:09 Arcane Tower
18:10 Scout Tower
18:11 Scout Tower
18:13 Scout Tower
18:13 Scout Tower
19:15 Guard Tower
19:18 Scout Tower
19:20 Scout Tower
19:23 Scout Tower
19:26 Scout Tower
19:29 Scout Tower
19:30 Scout Tower
20:44 Scout Tower
20:45 Scout Tower
21:38 Arcane Tower
21:52 Scout Tower
21:54 Scout Tower
21:59 Scout Tower
22:02 Scout Tower
22:37 Guard Tower
24:07 Guard Tower
24:43 Arcane Tower
28:36 Scout Tower
28:37 Scout Tower
28:38 Scout Tower
28:39 Scout Tower
28:41 Scout Tower
31:24 Guard Tower
36:15 Gryphon Aviary
36:17 Farm
36:18 Farm
36:19 Farm
36:20 Farm
36:21 Farm
36:22 Farm
36:22 Farm
36:23 Farm
36:25 Farm
36:27 Gryphon Aviary
» items
| Periapt of Vitality | 1 | |
| Staff of Teleportation | 2 | |
| Scroll of Speed | 1 | |
| Healing Salve | 1 | |
| Boots of Speed | 2 | |
| Ivory Tower | 5 | |
| Orb of Lightning | 2 | |
| Staff of Sanctuary | 2 | |
16 total
team 2 (loser)
ANTlBIOTICS (
pink | 124 APM | 7231 actions | 58:31)
4 Blademaster
2 Wind Walk
2 Critical Strike
3 Shadow Hunter
1 Hex
2 Healing Wave
3 Tauren Chieftain
2 Shockwave
1 Endurance Aura
» actions
| Assign group hotkey | 54 | |
| Basic commands | 36 | |
| Build / train | 63 | |
| ESC pressed | 4 | |
| Enter build submenu | 44 | |
| Enter hero's abilities submenu | 10 | |
| Give item / drop item | 6 | |
| Right click | 3489 | |
| Select / deselect | 876 | |
| Select group hotkey | 2371 | |
| Use ability | 278 | |
7231 total
» units
| Peon | 14 | |
| Raider | 7 | |
| Troll Batrider | 8 | |
29 total
» upgrades
| Ensnare | 1 | |
| Armor | 2 | |
| Reinforced Defenses | 1 | |
| Pillage | 1 | |
5 total
» buildings
| Altar of Storms | 1 | |
| Orc Burrow | 7 | |
| War Mill | 1 | |
| Voodoo Lounge | 1 | |
| Watch Tower | 31 | |
| Stronghold | 1 | |
| Beastiary | 2 | |
| Fortress | 1 | |
45 total
» build order
00:11 Altar of Storms
00:24 Orc Burrow
00:50 War Mill
01:15 Voodoo Lounge
02:09 Watch Tower
02:34 Watch Tower
02:36 Watch Tower
02:52 Watch Tower
02:53 Watch Tower
03:12 Watch Tower
03:16 Watch Tower
03:42 Watch Tower
04:37 Stronghold
04:39 Watch Tower
05:01 Watch Tower
05:04 Orc Burrow
05:21 Watch Tower
06:05 Watch Tower
06:08 Watch Tower
06:42 Watch Tower
06:44 Watch Tower
06:47 Watch Tower
07:20 Orc Burrow
07:24 Watch Tower
07:39 Beastiary
07:59 Watch Tower
08:27 Beastiary
08:55 Watch Tower
09:01 Orc Burrow
09:29 Watch Tower
10:35 Fortress
12:46 Watch Tower
12:47 Watch Tower
14:57 Watch Tower
17:56 Watch Tower
17:57 Watch Tower
17:58 Watch Tower
17:59 Watch Tower
18:03 Watch Tower
18:05 Watch Tower
28:03 Watch Tower
28:03 Watch Tower
44:29 Orc Burrow
45:39 Orc Burrow
45:41 Orc Burrow
» items
| Healing Salve | 2 | |
| Lesser Clarity Potion | 2 | |
| Scroll of Speed | 2 | |
| Boots of Speed | 2 | |
| Staff of Teleportation | 1 | |
| Dust of Appearance | 1 | |
| Tiny Great Hall | 1 | |
| Orb of Lightning | 1 | |
| Scroll of Town Portal | 1 | |
13 total
gay.gay (
orange | 222 APM | 13024 actions | 58:33)
4 Blademaster
2 Wind Walk
2 Critical Strike
3 Shadow Hunter
1 Hex
2 Healing Wave
3 Tauren Chieftain
2 Shockwave
1 Endurance Aura
» actions
| Assign group hotkey | 43 | |
| Basic commands | 465 | |
| Build / train | 102 | |
| ESC pressed | 48 | |
| Enter build submenu | 49 | |
| Enter hero's abilities submenu | 10 | |
| Give item / drop item | 2 | |
| Remove unit from queue | 2 | |
| Right click | 5076 | |
| Select / deselect | 1564 | |
| Select group hotkey | 5114 | |
| Use ability | 549 | |
13024 total
» units
| Peon | 26 | |
| Tauren | 3 | |
| Shaman | 1 | |
| Troll Witch Doctor | 7 | |
37 total
» upgrades
| Shaman Training | 2 | |
| Witch Doctor Training | 2 | |
| Reinforced Defenses | 1 | |
| Pulverize | 2 | |
| Armor | 2 | |
9 total
» buildings
| Altar of Storms | 1 | |
| Orc Burrow | 8 | |
| Voodoo Lounge | 1 | |
| War Mill | 1 | |
| Watch Tower | 30 | |
| Stronghold | 1 | |
| Fortress | 3 | |
| Spirit Lodge | 2 | |
| Tauren Totem | 2 | |
| Beastiary | 2 | |
51 total
» build order
00:05 Altar of Storms
00:19 Orc Burrow
01:02 Voodoo Lounge
01:09 War Mill
02:22 Watch Tower
02:30 Watch Tower
03:08 Orc Burrow
03:25 Watch Tower
03:30 Orc Burrow
03:39 Watch Tower
04:10 Watch Tower
04:28 Watch Tower
04:39 Watch Tower
05:19 Watch Tower
05:32 Watch Tower
05:33 Watch Tower
05:46 Watch Tower
05:59 Stronghold
06:27 Watch Tower
06:34 Orc Burrow
06:37 Watch Tower
06:45 Watch Tower
06:58 Watch Tower
07:45 Watch Tower
08:01 Watch Tower
08:07 Watch Tower
08:08 Watch Tower
09:06 Fortress
09:06 Fortress
09:08 Watch Tower
09:49 Watch Tower
09:51 Watch Tower
10:30 Watch Tower
10:57 Watch Tower
11:06 Spirit Lodge
11:08 Spirit Lodge
11:25 Watch Tower
11:26 Watch Tower
11:34 Watch Tower
13:05 Tauren Totem
13:09 Tauren Totem
14:40 Orc Burrow
17:44 Orc Burrow
17:45 Orc Burrow
18:28 Orc Burrow
19:24 Watch Tower
20:34 Watch Tower
21:40 Watch Tower
46:14 Beastiary
46:15 Beastiary
» items
| Healing Salve | 3 | |
| Lesser Clarity Potion | 4 | |
| Scroll of Speed | 4 | |
| Boots of Speed | 1 | |
| Orb of Lightning | 4 | |
| Scroll of Town Portal | 1 | |
17 total
WiNNeRoFChAoS (
red | 163 APM | 9564 actions | 58:36)
4 Mountain King
2 Storm Bolt
2 Bash
3 Blood Mage
2 Flame Strike
1 Siphon Mana
3 Pandaren Brewmaster
2 Breath of Fire
1 Drunken Haze
» actions
| Assign group hotkey | 54 | |
| Basic commands | 674 | |
| Build / train | 191 | |
| ESC pressed | 7 | |
| Enter build submenu | 95 | |
| Enter hero's abilities submenu | 10 | |
| Give item / drop item | 3 | |
| Remove unit from queue | 3 | |
| Right click | 3352 | |
| Select / deselect | 999 | |
| Select group hotkey | 3917 | |
| Use ability | 259 | |
9564 total
» units
| Peasant | 15 | |
| Mortar Team | 16 | |
| Flying Machine | 21 | |
| Siege Engine | 10 | |
62 total
» upgrades
| Masonry | 3 | |
| Lumber Harvesting | 2 | |
| Magic Sentry | 1 | |
| Gunpowder | 3 | |
| Fragmentation Shards | 1 | |
| Sorceress Training | 2 | |
| Flare | 1 | |
| Armor | 3 | |
| Priest Training | 2 | |
| Flak Cannons | 1 | |
| Barrage | 1 | |
20 total
» buildings
| Altar of Kings | 1 | |
| Farm | 16 | |
| Lumber Mill | 1 | |
| Scout Tower | 60 | |
| Guard Tower | 35 | |
| Arcane Tower | 8 | |
| Keep | 1 | |
| Blacksmith | 1 | |
| Arcane Sanctum | 1 | |
| Castle | 1 | |
| Arcane Vault | 1 | |
| Town Hall | 1 | |
| Workshop | 3 | |
| Gryphon Aviary | 1 | |
131 total
» build order
00:06 Altar of Kings
00:12 Farm
00:21 Lumber Mill
01:36 Farm
02:02 Scout Tower
02:04 Scout Tower
02:05 Scout Tower
02:29 Guard Tower
02:31 Scout Tower
02:31 Guard Tower
02:32 Guard Tower
02:36 Scout Tower
03:04 Arcane Tower
03:05 Scout Tower
03:33 Arcane Tower
03:34 Farm
03:37 Scout Tower
03:38 Guard Tower
03:41 Scout Tower
03:42 Scout Tower
04:07 Guard Tower
04:09 Scout Tower
04:15 Guard Tower
04:42 Keep
04:54 Guard Tower
05:21 Scout Tower
05:25 Guard Tower
05:27 Scout Tower
06:26 Scout Tower
06:40 Guard Tower
06:44 Farm
06:46 Blacksmith
07:00 Arcane Tower
07:00 Arcane Tower
07:03 Scout Tower
07:16 Arcane Sanctum
07:18 Castle
07:30 Arcane Vault
07:35 Scout Tower
08:26 Arcane Tower
09:03 Scout Tower
09:14 Scout Tower
09:30 Arcane Tower
09:31 Arcane Tower
09:32 Scout Tower
09:45 Farm
09:46 Farm
09:48 Scout Tower
09:49 Guard Tower
09:50 Scout Tower
09:54 Scout Tower
09:59 Guard Tower
10:00 Guard Tower
10:31 Guard Tower
10:33 Scout Tower
10:59 Town Hall
11:03 Scout Tower
11:04 Guard Tower
11:09 Workshop
11:32 Scout Tower
11:33 Guard Tower
12:06 Guard Tower
12:08 Scout Tower
12:32 Scout Tower
12:45 Workshop
12:49 Guard Tower
13:00 Scout Tower
13:06 Guard Tower
13:36 Guard Tower
13:37 Scout Tower
13:38 Guard Tower
13:50 Scout Tower
14:08 Guard Tower
14:09 Scout Tower
14:26 Guard Tower
14:44 Guard Tower
14:45 Scout Tower
14:53 Scout Tower
14:54 Scout Tower
14:54 Scout Tower
14:59 Scout Tower
15:01 Scout Tower
15:02 Scout Tower
16:49 Guard Tower
16:50 Scout Tower
16:52 Guard Tower
16:53 Scout Tower
16:54 Scout Tower
17:38 Guard Tower
17:42 Scout Tower
18:26 Scout Tower
19:03 Guard Tower
19:04 Scout Tower
19:19 Scout Tower
19:21 Scout Tower
19:43 Guard Tower
19:45 Scout Tower
20:36 Guard Tower
20:38 Gryphon Aviary
20:39 Farm
20:40 Farm
20:40 Farm
21:17 Farm
21:37 Scout Tower
28:21 Scout Tower
28:26 Scout Tower
28:34 Guard Tower
29:52 Guard Tower
29:53 Scout Tower
29:54 Scout Tower
29:56 Scout Tower
31:30 Guard Tower
32:15 Scout Tower
32:52 Scout Tower
32:53 Scout Tower
32:54 Scout Tower
33:19 Scout Tower
33:25 Guard Tower
33:28 Scout Tower
33:29 Scout Tower
33:43 Guard Tower
33:44 Scout Tower
34:29 Guard Tower
46:26 Farm
46:28 Farm
46:48 Workshop
47:28 Farm
48:03 Farm
50:15 Farm
50:55 Farm
» items
| Lesser Clarity Potion | 6 | |
| Boots of Speed | 4 | |
| Dust of Appearance | 2 | |
| Scroll of Speed | 2 | |
| Healing Salve | 1 | |
| Staff of Sanctuary | 1 | |
| Potion of Lesser Invulnerability | 1 | |
| Scroll of Town Portal | 2 | |
| Potion of Healing | 1 | |
20 total
Chat log
(00:07 / All) kunt.roII: SUP{
(02:46 / All) kunt.roII: heh
(02:49 / All) kunt.roII: nice strat
(16:34 / Allies) MrFrosty: yes
(20:15 / Allies) kunt.roII: klaggg
(20:33 / Allies) kunt.roII: need lumb
(21:03 / All) kunt.roII: heh
(21:16 / Allies) kunt.roII: claws
(41:15 / All) WiNNeRoFChAoS: qq?
(41:19 / All) kunt.roII: qq
(42:46 / Allies) kunt.roII: woot
(43:56 / All) kunt.roII: Heh
(44:18 / All) kunt.roII: nice strat
(45:08 / All) kunt.roII: thanks for the free win
(45:16 / All) kunt.roII: tower noobs
(45:22 / All) WiNNeRoFChAoS: so
(45:24 / All) WiNNeRoFChAoS: u shit talk now?
(45:32 / All) kunt.roII: lololololool
(49:30 / Allies) MrFrosty: i thkn so
(51:01 / All) kunt.roII: soz
(57:03 / All) kunt.roII: tt
(58:33 / All) MrFrosty: 2 e z
(58:34 / All) Gobiner: 2ez nubs